 Dungeon Crawl Stone Soup version 0.29-a0-1009-g60c99734e7 (webtiles) character file.

Game seed: 6569448543416937177

12 purpskrrrp the Shooter (level 2, 0/17 HPs)
             Began as a Deep Elf Hunter on Aug 8, 2022.
             Slain by a quokka (3 damage)
             ... on level 2 of the Dungeon.
             The game lasted 00:01:35 (370 turns).

purpskrrrp the Shooter (Deep Elf Hunter)             Turns: 370, Time: 00:01:35

Health: 0/17       AC:  3    Str:  8    XL:     2   Next: 20%
Magic:  4/4        EV: 12    Int: 13    God:
Gold:   8          SH:  0    Dex: 18    Spells: 1/1 levels left

rFire   . . .      SeeInvis .   d - +0 dagger (pain)
rCold   . . .      Faith    .   (no shield)
rNeg    . . .      Spirit   .   c - +0 leather armour
rPois   .          Reflect  .   (no helmet)
rElec   .          Harm     .   (no cloak)
rCorr   .          Rampage  .   (no gloves)
Will    .....                   (no boots)
Stlth   ++........              (no amulet)
HPRegen 0.05/turn               (no ring)
MPRegen 0.09/turn               (no ring)

@: no status effects
A: no striking features
a: no special abilities


You were on level 2 of the Dungeon.
You visited 1 branch of the dungeon, and saw 2 of its levels.

You collected 8 gold pieces.

Inventory:

Hand Weapons
 a - a +0 shortbow
 d - a +0 dagger of pain (weapon)
Armour
 c - a +0 leather armour (worn)
Potions
 e - a potion of degeneration {unknown}


   Skills:
 + Level 1.7 Fighting
 + Level 5.4 Ranged Weapons
 + Level 2.6 Dodging
 * Level 1.9 Stealth
 - Level 0.2 Spellcasting
 * Level 0.8 Necromancy


You had one spell level left.
You didn't know any spells.
Your spell library was empty.

Dungeon Overview and Level Annotations

Branches:
Dungeon (1/15)

Altars:


Message History

The endoplasm freezes you.
You are frozen.
You hit the quokka.
The quokka is severely wounded.
The quokka closely misses you. The quokka misses you.
The endoplasm hits you but does no damage.
You closely miss the quokka.
The quokka is severely wounded.
The quokka bites you.
The quokka bites you but does no damage.
The endoplasm barely misses you. The quokka barely misses you.
The rat misses you. The quokka closely misses you.
You are too injured to fight recklessly!
You are too injured to fight recklessly!
You are too injured to fight recklessly!
You are too injured to fight recklessly!
You are too injured to fight recklessly!
You are too injured to fight recklessly!
You are too injured to fight recklessly!
You are too injured to fight recklessly!
You are too injured to fight recklessly!
You are too injured to fight recklessly!
You are too injured to fight recklessly!
You are too injured to fight recklessly!
You are too injured to fight recklessly!
You are too injured to fight recklessly!
You hit the rat but do no damage. The quokka closely misses you.
The quokka barely misses you. The endoplasm misses you. The rat bites you.
* * * LOW HITPOINT WARNING * * *
You completely miss the rat.
The quokka bites you but does no damage.
The quokka bites you.
* * * LOW HITPOINT WARNING * * *
The endoplasm hits you but does no damage.
The rat bites you but does no damage.
Really read the scroll of immolation?
As you read the scroll of immolation, it crumbles to dust.
The creatures around you are filled with an inner flame!
The quokka bites you.
You die...

.#.. #.# . ....#
#.# .##...###.# # .
......##.# .##
#.##....##.###..##.
#........?........
...#..........#.##.
#..........r......
.$......#..@r......
.##.###.#..rJ.#.#..
# #.##>....$.
#.#####.#.## #.# .#
# #.. .# #.# #


You could see an endoplasm (inner flame), 2 quokkas and a rat (inner flame).

Vanquished Creatures
  A dart slug (D:1)
  A giant cockroach (D:1)
  A goblin (D:2)
  A hobgoblin (D:1)
  A kobold (D:1)
  2 ball pythons (D:1)
  2 bats (D:1)
  A frilled lizard (D:1)
10 creatures vanquished.

Notes
Turn   | Place    | Note
-------+----------+-------------------------------------------
     0 | D:1      | purpskrrrp the Deep Elf Hunter began the quest for the Orb.
     0 | D:1      | Reached XP level 1. HP: 12/12 MP: 3/3
   225 | D:1      | Reached XP level 2. HP: 15/17 MP: 4/4
   352 | D:1      | You fall into a shaft and drop 1 floor!
   370 | D:2      | Slain by a quokka

Illustrated notes

Levels and vault maps discovered:
D:1:      amcnicky_arrival_underground_garden, layout_loops_cross, hex_tiny
D:2:      layout_loops_ring, grunt_ministairs_3

Action                   || total
-------------------------++-------
Melee: Dagger            ||    52
       Punch             ||     1
 Fire: Shortbow          ||     1
  Use: Scroll            ||     1
 Stab: Sleeping          ||     1
Armor: Leather armour    ||    27
Dodge: Dodged            ||    55

Table legend: (Time is in decaauts)
 A = Elapsed time spent in this place.
 B = Non-inter-level travel time spent in this place.
 C = Inter-level travel time spent in this place.
 D = Time resting spent in this place.
 E = Time spent auto-exploring this place.
 F = Levels seen in this place.
 G = Mean time per level.
                   A        B        C        D        E       F      G
               +--------+--------+--------+--------+--------+-----+--------+
         Total |    369 |    369 |      0 |     62 |    206 |   2 |  184.5 |
       Dungeon |    369 |    369 |      0 |     62 |    206 |   2 |  184.5 |
               +--------+--------+--------+--------+--------+-----+--------+

Top non-repeatable levels by time:
     D:1: 351 daAuts
     D:2: 17 daAuts
